 Dungeon Crawl Stone Soup version 0.20.0 (webtiles) character file.

44 FakerFangirl the Cudgeler (level 3, 0/31 HPs)
             Began as a Draconian Fighter on May 26, 2017.
             Killed from afar by Sigmund (1 damage)
             ... with a magic dart
             ... on level 2 of the Dungeon.
             The game lasted 00:01:24 (1110 turns).

FakerFangirl the Cudgeler (Draconian Fighter)       Turns: 1110, Time: 00:01:25

Health: 0/31       AC:  6    Str: 18    XL:     3   Next: 41%
Magic:  3/3        EV: 10    Int:  8    God:
Gold:   41         SH:  9    Dex: 11    Spells: 2/2 levels left

rFire    . . .     SeeInvis .   Y - +0 flail
rCold    . . .     Gourm    .   b - +0 shield
rNeg     . . .     Faith    .   (armour unavailable)
rPois    .         Spirit   .   (helmet restricted)
rElec    .         Reflect  .   (no cloak)
rCorr    .         Harm     .   (no gloves)
MR       .....                  l - +0 pair of boots
Stlth    +.........             (no amulet)
Regen    0.1/turn               (no ring)
MPRegen  0.1/turn               (no ring)

@: no status effects
A: unfitting armour, cold-blooded, AC +5
a: no special abilities


You were on level 2 of the Dungeon.
You were not hungry.

You visited 1 branch of the dungeon, and saw 2 of its levels.

You collected 41 gold pieces.


Innate Abilities, Weirdness & Mutations

Your plain brown scales are hard. (AC +5)
You cannot fit into any form of body armour.
You are cold-blooded and may be slowed by cold attacks.


   Skills:
 - Level 3.2 Fighting
 + Level 3.9 Maces & Flails
 - Level 2.6 Dodging
 - Level 3.0 Shields


You had 2 spell levels left.
You didn't know any spells.

Inventory:

Hand Weapons
 Y - a +0 flail (weapon)
Armour
 b - a +0 shield (worn)
 e - a +0 large shield
 l - a +0 pair of boots (worn)
Scrolls
 i - a scroll of teleportation
 j - a scroll of identify
Potions
 a - a potion of degeneration {unknown}
 c - a potion of might
 g - 2 potions of agility {unknown}
 h - a potion of flight {unknown}
 k - a potion of lignification {unknown}
Comestibles
 d - 2 bread rations
 f - 6 fruits

Dungeon Overview and Level Annotations

Branches:
Dungeon (2/15)

Altars:

Annotations:
D:2 Sigmund


Message History

Sigmund flickers and vanishes!
Deactivating autopickup; reactivate with Ctrl-A.
You swing at nothing.
Something hits you.
You writhe in agony.
You swing at nothing.
Something hits you!
You writhe in agony.
You swing at nothing.
Something hits you.
You writhe in agony.
You swing at nothing.
You swing at nothing.
Something hits you!
You swing at nothing.
Something hits you but does no damage.
You writhe in agony.
You swing at nothing.
A magic dart appears from out of thin air!
The magic dart hits you!
You swing at nothing.
A magic dart appears from out of thin air!
The magic dart hits you!
You die...

#.... #....
..... .... .#
... .# #{# .# .
#.##.##### g..
#.@.......
.....##.........
.......=........
##.#####........
## #..#
#........ . .##
#.. #........ #.
..## #...
#........
#..##..#
#.#.###........
.....#
#.#...#........


There were no monsters in sight!

Vanquished Creatures
  An ooze (D:1)
  A worm (D:2)
  A dart slug (D:1)
  3 leopard geckos
  A giant cockroach (D:2)
  5 goblins (D:1)
  3 hobgoblins
  A quokka (D:2)
  6 bats
  2 frilled lizards (D:1)
  4 kobolds (D:1)
  7 rats
35 creatures vanquished.

Notes
Turn   | Place    | Note
-------+----------+-------------------------------------------
     0 | D:1      | FakerFangirl the Draconian Fighter began the quest for the Orb.
     0 | D:1      | Reached XP level 1. HP: 19/19 MP: 1/1
     0 | D:1      | 0 ||| counter = 71
    94 | D:1      | 94 ||| Stepping ~*~*~tactically~*~*~ (outnumbered).
   330 | D:1      | Reached XP level 2. HP: 23/26 MP: 2/2
   354 | D:1      | Reached skill level 3 in Maces & Flails
   695 | D:1      | Reached XP level 3. HP: 26/31 MP: 3/3
   787 | D:1      | 787 ||| UPGRADING to pair of boots.
   792 | D:1      | 792 ||| READING scroll labeled SOLIBBUSODO.
   793 | D:1      | 793 ||| READING scroll labeled JOMPON FUVI.
   794 | D:1      | 794 ||| READING 2 scrolls labeled MYUNEDDUMEC.
   798 | D:1      | 798 ||| READING scroll labeled VUAC FI XELIAN.
  1100 | D:2      | Noticed Sigmund
  1107 | D:2      | HP: 4/31 [something (8)]
  1109 | D:2      | HP: 1/31 [something/magic dart (1)]
  1110 | D:2      | Killed from afar by Sigmund

Vault maps used:
D:1:      roderic_crossed_star
D:2:      uniq_sigmund

Skill      XL: |  1  2 |
---------------+-------+-----
Maces & Flails | 3 |  3.9
Fighting       | |  3.2
Dodging        | |  2.6
Shields        | |  3.0

Action                   || total
-------------------------++-------
Melee: Flail             ||   104
       Tailslap          ||     9
  Use: Scroll            ||     4
  Eat: Chunk             ||     1
Armor: Skin              ||    35
Dodge: Dodged            ||    45
Block: Shield            ||    36
